 Dungeon Crawl Stone Soup version 0.20.0-6-gd3061e9 (console) character file.

19 removed the Digger (level 2, 0/13 HPs)
             Began as a Vine Stalker Earth Elementalist on May 28, 2017.
             Slain by a worm (6 damage)
             ... on level 2 of the Dungeon.
             The game lasted 00:00:50 (836 turns).

removed the Digger (Vine Stalker Earth Elementalist) Turns: 836, Time: 00:00:50

Health: 0/13       AC:  3    Str:  7    XL:     2   Next: 75%
Magic:  0/6        EV: 16    Int: 15    God:
Gold:   75         SH:  0    Dex: 14    Spells: 4/5 levels left

rFire    . . .     SeeInvis .     - Unarmed
rCold    . . .     Gourm    .   (no shield)
rNeg     . . .     Faith    .   c - +0 robe
rPois    .         Spirit   +   m - +0 helmet
rElec    .         Reflect  .   (no cloak)
rCorr    .         Harm     .   (no gloves)
MR       .....                  (no boots)
Stlth    ++........             (no amulet)
Regen    0.1/turn               f - +4 ring of evasion
MPRegen  0.1/turn               g - -3 ring of strength (curse)

@: no status effects
A: fangs 2, magic shield, antimagic bite, no potion heal 3, rot immunity
a: no special abilities


You were on level 2 of the Dungeon.
You were not hungry.

You visited 1 branch of the dungeon, and saw 2 of its levels.

You collected 75 gold pieces.

Inventory:

Missiles
 b - 59 stones (quivered)
Armour
 c - a +0 robe (worn)
 m - a +0 helmet (worn)
Jewellery
 f - a +4 ring of evasion (left hand)
 g - a cursed -3 ring of strength (right hand)
Scrolls
 h - 2 scrolls of teleportation {unknown}
 l - a scroll of recharging {unknown}
 n - a scroll of identify {unknown}
 o - a scroll of magic mapping {unknown}
Potions
 i - 2 potions of brilliance {unknown}
 j - 3 potions of agility {unknown}
Books
 e - a book of Geomancy

   Spells                             Type                      Level
   a - Sandblast                      Earth                        1
   b - Passwall                       Transmutation/Earth          2
   c - Stone Arrow                    Conjuration/Earth            3
   d - Petrify                        Transmutation/Earth          4
   e - Lee's Rapid Deconstruction     Earth                        5
Comestibles
 d - a bread ration


   Skills:
 - Level 1.5 Dodging
 - Level 2.4 Stealth
 + Level 2.2 Unarmed Combat
 - Level 2.1 Spellcasting
   Level 1.0 Transmutations
 - Level 3.0 Earth Magic


You had 4 spell levels left.
You knew the following spells:

 Your Spells              Type           Power        Failure   Level  Hunger
a - Sandblast             Erth           ##....       6%          1    #......


Dungeon Overview and Level Annotations

Branches:
Dungeon (2/15)

Altars:


Innate Abilities, Weirdness & Mutations

You have extremely sharp teeth.
When hurt, damage is shared between your health and your magic reserves.
Your bite disrupts and absorbs the magic of your enemies.
Potions cannot restore your health.
You are immune to rotting.


Message History

You barely miss the worm.
The worm is moderately wounded.
You hit the worm but do no damage.
The worm is moderately wounded.
The worm bites you.
You are too injured to fight recklessly!
You barely miss the worm.
The worm is moderately wounded.
You are too injured to fight recklessly!
You hit the worm.
The worm is heavily wounded.
The worm barely misses you.
You are too injured to fight recklessly!
You hit the worm. You bite the worm, but do no damage.
The worm is heavily wounded.
You are too injured to fight recklessly!
You hit the worm.
The worm is severely wounded.
The worm bites you!
You die...

######## ####
#......# #..#
#......# #..##
#..w...#
#...####.@....#
#<...>†......#
##..##.......#
##..##.........
##.##.........
.##.........
.######..... r#
..... .. ..


You could see a worm.

Vanquished Creatures
  A leopard gecko (D:1)
  2 ball pythons (D:1)
  A giant cockroach (D:1)
  3 goblins
  3 hobgoblins
  2 bats (D:1)
  3 kobolds (D:1)
  A rat (D:1)
16 creatures vanquished.

Notes
Turn   | Place    | Note
-------+----------+-------------------------------------------
     0 | D:1      | removed the Vine Stalker Earth Elementalist began the quest for the Orb.
     0 | D:1      | Reached XP level 1. HP: 9/9 MP: 4/4
   256 | D:1      | Reached skill level 1 in Unarmed Combat
   280 | D:1      | Reached XP level 2. HP: 10/13 MP: 6/6
   836 | D:2      | Slain by a worm

Skill      XL: |  1  2 |
---------------+-------+-----
Unarmed Combat | 1 2 |  2.2
Dodging        | |  1.5
Stealth        | |  2.4
Spellcasting   | |  2.1
Transmutations | |  1.0
Earth Magic    | |  3.0

Action                   || total
-------------------------++-------
Melee: Unarmed           ||    77
       Bite              ||    13
 Stab: Sleeping          ||     2
Armor: Robe              ||     9
Dodge: Dodged            ||    53
